 Dungeon Crawl Stone Soup version 0.30-a0-983-g7e3032bf44 (webtiles) character file.

Game seed: 9875020407962571326

129072 CryoSword the Basher (level 16, 0/95 HPs)
             Began as a Demigod Air Elementalist on Apr 1, 2023.
             Slain by a bone dragon (14 damage)
             ... on level 2 of the Abyss.
             The game lasted 01:21:40 (43496 turns).

CryoSword the Basher (Demigod Air Elementalist)    Turns: 43496, Time: 01:21:40

Health: 0/95       AC: 22    Str: 21 (23) XL:     16   Next: 2%
Magic:  37/37      EV: 16    Int: 20 (21) God:
Gold:   1449       SH: 20    Dex: 18      Spells: 30/40 levels left

rFire   . . .      SeeInvis +    w - +9 eveningstar
rCold   . . .      Faith    .    v - +2 kite shield
rNeg    + . .      Spirit   .    C - +5 scale mail "Hejatume" {rN+ Dex+4}
rPois   +          Reflect  +    Q - +2 helmet {SInv}
rElec   .          Rampage  .    h - +0 cloak
rCorr   .          Rage     3%   D - +1 pair of gloves
Will    +....                    O - +2 pair of boots
Stlth   ++                       x - amulet of reflection
HPRegen 0.35/turn                f - +5 ring of evasion {=R}
MPRegen 0.25/turn                B - ring of poison resistance

@: unable to drink
A: high MP 1, forlorn, divine attributes, [berserk 1], deterioration 1[+1],
[frail 3], [weak 1], [inability to drink after injury 2]
a: no special abilities


You were on level 2 of the Abyss.
You visited 4 branches of the dungeon, and saw 25 of its levels.
You visited the Abyss 1 time.

You collected 2370 gold pieces.
You spent 921 gold pieces at shops.

Inventory:

Hand Weapons
 w - a +9 eveningstar (weapon)
   (You bought it in a shop on level 6 of the Dungeon)
Missiles
 y - 24 boomerangs
 R - 10 curare-tipped darts (quivered)
Armour
 h - a +0 cloak (worn)
   (You found it on level 2 of the Dungeon)
 v - a +2 kite shield (worn)
   (You found it on level 4 of the Dungeon)
 C - the +5 scale mail "Hejatume" (worn) {rN+ Dex+4}
   (You found it on level 5 of the Lair of Beasts)

   Dex:       It affects your dexterity (+4).
   rN:        It protects you from negative energy.
 D - a +1 pair of gloves (worn)
   (You found it on level 6 of the Dungeon)
 O - a +2 pair of boots (worn)
   (You found it on level 11 of the Dungeon)
 Q - a +2 helmet of see invisible (worn)
   (You found it on level 5 of the Lair of Beasts)
 U - a +0 kite shield of reflection
   (You took it off Donald on level 2 of the Orcish Mines)
Magical Staves
 a - a staff of conjuration
   (You found it on level 13 of the Dungeon)
Jewellery
 c - a ring of protection from cold
   (You found it on level 3 of the Swamp)
 f - a +5 ring of evasion (left hand) {=R}
   (You found it on level 1 of the Dungeon)
 g - a +4 ring of protection
   (You found it on level 1 of the Dungeon)
 q - a ring of willpower
   (You found it on level 8 of the Dungeon)
 t - a ring of wizardry
   (You found it on level 7 of the Dungeon)
 x - an amulet of reflection (around neck)
   (You bought it in a shop on level 8 of the Dungeon)
 B - a ring of poison resistance (right hand)
   (You bought it in a shop on level 8 of the Dungeon)
 G - a ring of protection from fire
   (You found it on level 9 of the Dungeon)
 H - a ring of ice
   (You took it off Fannar on level 2 of the Lair of Beasts)
Wands
 o - a wand of mindburst (10)
   (You found it on level 2 of the Lair of Beasts)
 I - a wand of roots (15)
   (You found it on level 7 of the Dungeon)
 K - a wand of flame (35)
   (You found it on level 8 of the Dungeon)
Scrolls
 e - 3 scrolls of amnesia
 i - 2 scrolls of poison {!r}
 j - 5 scrolls of magic mapping
 p - 8 scrolls of teleportation {@r4}
 E - 3 scrolls of fog
Potions
 b - 6 potions of degeneration {unknown}
 d - 5 potions of curing {@q1}
 k - 10 potions of mutation {!q}
 l - 6 potions of brilliance
 m - a potion of invisibility
 n - 6 potions of ambrosia {unknown}
 r - 3 potions of magic
 A - 3 potions of lignification {!q}
 F - a potion of might {unknown}
 J - 5 potions of flight
 M - 4 potions of berserk rage {unknown}
 S - a potion of resistance {unknown}
Miscellaneous
 s - a condenser vane
   (You found it on level 13 of the Dungeon)
 L - a tin of tremorstones (1/2)
   (You found it on level 14 of the Dungeon)
 N - a phantom mirror
   (You found it on level 9 of the Dungeon)


   Skills:
 + Level 10.6 Fighting
 - Level 0.8(9.1) Axes
 * Level 14.1 Maces & Flails
 * Level 5.0 Armour
 - Level 4.2 Dodging
 - Level 4.6 Stealth
 + Level 11.3 Shields
 - Level 12.7 Spellcasting
 - Level 6.3 Conjurations
 + Level 12.6 Air Magic
 - Level 1.7 Evocations


You had 30 spell levels left.
You knew the following spells:

 Your Spells              Type           Power      Damage    Failure   Level
a - Shock                 Conj/Air       100%       1d9       1%          1
b - Static Discharge      Conj/Air       100%       2-7/arc   1%          2
c - Airstrike             Air            29%        2d(5-21)  1%          4
S - Swiftness             Air            59%        N/A       1%          3

Your spell library contained the following spells:

 Spells                   Type           Power      Damage    Failure   Level
 Poisonous Vapours        Pois/Air       76%        N/A       3%          2
 Dazzling Flash           Conj/Hex       50%        N/A       24%         3
 Stone Arrow              Conj/Erth      50%        3d10      24%         3
 Apportation              Tloc           24%        N/A       28%         1
 Sting                    Tmut/Pois      48%        1d5       28%         1
 Silence                  Hex/Air        19%        N/A       52%         5
 Flame Wave               Conj/Fire      25%        2d8       61%         4
 Sticky Flame             Conj/Fire      25%        2d5       61%         4
 Inner Flame              Hex/Fire       12%        N/A       65%         3
 Animate Armour           Summ/Erth      24%        N/A       96%         4
 Olgreb's Toxic Radiance  Pois           12%        N/A       96%         4
 Agony                    Necr           12%        N/A       100%        5
 Alistair's Intoxication  Tmut/Pois      8%         N/A       100%        5
 Blade Hands              Tmut           6%         N/A       100%        5
 Iron Shot                Conj/Erth      12%        9d3       100%        6
 Lehudib's Crystal Spear  Conj/Erth      12%        10d4      100%        8


Dungeon Overview and Level Annotations

Branches:
Dungeon (15/15)            Temple (0/1) D:6            Lair (5/5) D:9
  Swamp (3/4) Lair:3        Snake (0/4) Lair:2        Slime (0/5) Lair:5
    Orc (2/2) D:12            Elf (0/3) Orc:2        Vaults (0/5) D:14
 Depths (0/4) D:15

Shops:
D:6 *   D:8 =   D:12 ([   Orc:2 [(*=[

Annotations:
D:14 2 transporters, Qetzeseq's ghost, journeyman MeCj
Lair:5 1 runed translucent door
Swamp:3 Louise
Orc:2 exclusion: upstairs


Innate Abilities, Weirdness & Mutations

You have an increased reservoir of magic. (+10% MP)
You shall have no god before yourself.
Your divine heritage dramatically boosts your attributes as you level up.
[You sometimes lose your temper in combat.]
[Your body often deteriorates upon taking damage.]
[You are extremely frail. (-30% HP)]
[You are weak. (Str -2)]
[You sometimes lose the ability to drink potions when taking damage.]


Message History

Unknown command.
You can drink potions again.
You bludgeon the hell hound!!
You kill the hell hound!
You hear a bark! x2
A hell hound comes into view.
A small abomination comes into view.
A large abomination comes into view.
You block the orange demon's attack. The hell hound bites you.
* * * LOW HITPOINT WARNING * * *
A large abomination comes into view.
You block the hell hound's attack.
The small abomination attacks as you move away!
You block the small abomination's attack.
The worldbinder calls forth creatures from the Swamp!
The smoke demon attacks as you move away!
The smoke demon hits you.
* * * LOW HITPOINT WARNING * * *
You block the smoke demon's attack. x2
A starcursed mass and a hell hound come into view.
The hell hound misses you. The swamp drake breathes poison at you.
The noxious blast engulfs the orange demon but does no damage.
The hell hound is engulfed in noxious fumes.
The hell hound appears confused.
The hell hound is engulfed in noxious fumes.
The hell hound appears confused.
You hear a roar!
You hear a bark! x2
The starcursed mass shrieks in your mind.
You feel threatened and lose the ability to drink potions!
* * * LOW HITPOINT WARNING * * *
The smoke demon gestures at you.
The sticky flame hits you but does no damage.
You are covered in liquid flames!
You are covered in liquid flames!
* * * LOW HITPOINT WARNING * * *
You cannot drink potions in your current state!
Unknown command.
You are covered in liquid flames!
* * * LOW HITPOINT WARNING * * *
You are no longer on fire.
A tentacled starspawn comes into view.
Tentacles burst from the starspawn's body! 2 starspawn tentacles come into view.
A tentacled starspawn comes into view.
You can drink potions again.
You feel better.
You feel better.
The shadow slips into darkness.
The shadow flickers and vanishes for a moment.
The smoke demon gestures at you.
The sticky flame hits the shadow.
As you read the scroll of teleportation {@r4}, it crumbles to dust.
You feel strangely unstable.
You feel the power of the Abyss delaying your translocation!
The shadow hits you. The shadow attacks as you move away! The shadow hits you.
Tentacles burst from the starspawn's body! 2 starspawn tentacles come into view.
A death drake comes into view.
The death drake moves out of view.
The shadow slips into darkness.
The shadow flickers and vanishes for a moment.
Tentacles burst from the starspawn's body!
The smoke demon gestures at you.
The ball of steam hits the shadow!!
The shadow is destroyed!
The ball of steam hits you.
* * * LOW HITPOINT WARNING * * *
2 starspawn tentacles come into view.
You are engulfed in a cloud of scalding steam.
A small abomination, a hellwing and 3 raiju come into view.
The hellwing gives a chilling moan.
The raiju barks! x2
You hear a chilling moan.
A small abomination comes into view.
The raiju bursts into living lightning!
The living lightning misses you.
The raiju blinks! x2
You hear a bark!
Something shouts, "Escape, thou reeling-ripe fen-sucked maggot-pie!"
The raiju barks!
You hammer the raiju like a gong!!!
You kill the raiju!
A raiju comes into view.
A white imp comes into view.
You puncture the tentacled starspawn!
The raiju bursts into living lightning!
The living lightning hits the raiju.
The raiju completely resists.
The living lightning hits you!!
You feel threatened and lose the ability to drink potions!
* * * LOW HITPOINT WARNING * * *
The raiju blinks! x2
You cannot drink potions in your current state!
Unknown command.
You hit the raiju.
You block the tentacled starspawn's attack.
The tentacled starspawn tentacle-slaps you but does no damage.
You block the raiju's attack.
You bludgeon the tentacled starspawn!!
You are suddenly pulled into a different region of the Abyss!
You start resting.
You can drink potions again.
You start resting.
A smoke demon comes into view.
The smoke demon roars!
The smoke demon gestures at you. The ball of steam misses you.
You are engulfed in a cloud of scalding steam.
* * * LOW HITPOINT WARNING * * *
The smoke demon attacks as you move away!
You block the smoke demon's attack. x2; The smoke demon completely misses you.
You impale the smoke demon!! You sock the smoke demon!
You block the smoke demon's attack. The smoke demon closely misses you.
The smoke demon hits you.
* * * LOW HITPOINT WARNING * * *
A bone dragon comes into view.
You barely miss the smoke demon. You block the smoke demon's attack. x3
You bludgeon the smoke demon!!
You kill the smoke demon!
The substance of the Abyss twists violently, and a gateway leading out appears!
There is a gateway leading out of the Abyss here.
A tentacled starspawn comes into view.
A tentacle flies out from the starspawn's body!
A starspawn tentacle comes into view.
You block the starspawn tentacle's attack.
A starspawn tentacle comes into view.
You hammer the starspawn tentacle like a gong!!!
You destroy the starspawn tentacle!
The bone dragon misses you. The bone dragon claws you!
You feel threatened and lose the ability to drink potions!
* * * LOW HITPOINT WARNING * * *
Your body deteriorates!
You feel weakened. You block the bone dragon's attack.
Okay, then.
You cannot drink potions in your current state!
Unknown command.
The bone dragon bites you but does no damage.
The bone dragon claws you but does no damage.
You block the bone dragon's attack.
A small abomination comes into view.
The bone dragon bites you but does no damage.
The bone dragon closely misses you. The bone dragon tramples you!
* * * LOW HITPOINT WARNING * * *
You hold your ground!
You block the bone dragon's attack.
The bone dragon claws you but does no damage.
The bone dragon tramples you but does no damage.
The bone dragon attacks as you move away!
You block the bone dragon's attack. The bone dragon claws you!
You die...

.# ### # #. ..
..##.# #. ..#.
.# ...##. #
####...# #.# #.
#...###...#
#.###∩##@.#...#
#. .#..#Dw#
#... ##..#X.#
.. .#..#..##
..# ###.....# .
#..#....
.#.##.... #.#
.#.... # . .#.#


You could see a bone dragon, a tentacled starspawn and a starspawn tentacle.

Vanquished Creatures
  A tentacled monstrosity (Swamp:2)
  A tentacled starspawn (Abyss:2)
  2 fire giants
  Donald (Orc:2)
  An orc warlord (Orc:2)
  2 eleionomae
  4 bunyips
  2 ettins
  A shambling mangrove (Swamp:3)
  A fire dragon (D:14)
  Fannar (Lair:2)
  4 vault guards (D:14)
  5 hydras
  A rakshasa (Abyss:2)
  6 centaur warriors
  3 catoblepae (Lair:5)
  Erolcha (Orc:2)
  2 boulder beetles
  9 alligators
  The ghost of MrShunz the Covert, a journeyman VSBr of Uskayaw (Lair:2)
  2 ogre magi (D:13)
  Erica (D:8)
  A ghost crab (Swamp:3)
  3 two-headed ogres
  9 death yaks
  4 tengu warriors
  3 orc high priests
  3 thrashing horrors (Abyss:2)
  Sonja (Orc:1)
  Nergalle (D:11)
  A skyshark (Lair:5)
  2 wretched stars (Abyss:2)
  4 skeletal warriors
  5 goliath frogs
  5 bog bodies
  2 spriggan druids (Swamp:2)
  A glowing orange brain (Abyss:2)
  4 swamp dragons
  A deep elf pyromancer (D:12)
  4 orc knights (Orc:2)
  A wolf spider (D:15)
  A steelbarb worm (shapeshifter) (D:13)
  9 ugly things
  An oklob plant (Lair:3)
  A faun (shapeshifter) (D:15)
  A deep elf zephyrmancer (D:12)
  9 orc sorcerers
  4 cyclopes
  5 manticores
  6 black mambas
  3 elephants
  A demonic crawler (Abyss:2)
  A smoke demon (Abyss:2)
  2 gargoyles
  An unseen horror (D:12)
  14 cane toads
  3 rime drakes
  12 komodo dragons
  A hellion (Abyss:2)
  Psyche (D:11)
  2 tengu conjurers
  An ancient zyme (Abyss:2)
  7 trolls
  7 hornets
  5 tyrant leeches
  A polar bear (Lair:4)
  2 raiju (Abyss:2)
  19 blink frogs
  Grinder (D:6)
  13 dream sheep
  A flying skull (Abyss:2)
  13 slime creatures
  4 wraiths
  2 shadows
  4 large abominations (Abyss:2)
  4 wyverns
  8 spriggans
  4 basilisks
  A steam dragon (D:7)
  29 yaks
  A neqoxec (Abyss:2)
  A vampire mosquito (D:13)
  5 wargs
  7 nagas
  3 acid dragons
  11 swamp worms
  A hell hound (Abyss:2)
  7 water moccasins
  36 orc warriors
  2 black bears
  An ice beast (D:8)
  A sky beast (D:6)
  4 ogres
  5 boggarts (D:14)
  20 wolves
  4 phantoms
  3 centaurs
  2 kobold brigands
  Blork the orc (Orc:2)
  9 bullfrogs
  A gnoll sergeant (D:9)
  6 scorpions
  5 small abominations (Abyss:2)
  12 wights (D:8)
  A water moccasin zombie (D:6)
  15 killer bees
  3 howler monkeys
  An electric eel (Lair:4)
  A bullfrog zombie (D:6)
  3 jellies
  2 quasits (Abyss:2)
  20 orc priests
  2 gnoll boudas
  3 hounds (D:5)
  Crazy Yiuf (D:5)
  A sleepcap (D:4)
  5 iguanas
  21 orc wizards
  7 hell rats (Lair:4)
  18 gnolls
  9 adders
  A shadow imp (D:8)
  3 white imps
  4 ufetubi
  A worm (D:3)
  4 dart slugs
  77 orcs
  9 endoplasms
  2 giant cockroaches
  10 goblins
  4 hobgoblins
  8 jackals
  3 quokkas
  2 ball pythons
  6 bats
  17 kobolds
  A lurking horror (Abyss:2)
  A starspawn tentacle (Abyss:2)
725 creatures vanquished.

Vanquished Creatures (collateral kills)
  Mlioglotl (Swamp:1)
  A fenstrider witch (Swamp:2)
2 creatures vanquished.

Vanquished Creatures (others)
  A shadow (Abyss:2)
  3 small abominations (Abyss:2)
  An ufetubus (Abyss:2)
  4 foxfires (Swamp:1)
  32 fungi
  57 plants
  11 starspawn tentacles
  A withered plant (D:6)
110 creatures vanquished.

Grand Total: 837 creatures vanquished

Notes
Turn   | Place    | Note
-------+----------+-------------------------------------------
     0 | D:1      | CryoSword the Demigod Air Elementalist began the quest for
                  | the Orb.
     0 | D:1      | Reached XP level 1. HP: 14/14 MP: 5/5
   167 | D:1      | Reached skill level 1 in Conjurations
   591 | D:1      | Reached XP level 2. HP: 17/22 MP: 0/7
  1158 | D:2      | Reached skill level 1 in Fighting
  1158 | D:2      | Reached XP level 3. HP: 17/28 MP: 0/8
  1453 | D:2      | Learned a level 2 spell: Static Discharge
  2123 | D:3      | You fall into a shaft and drop 1 floor!
  2146 | D:4      | Reached XP level 4. HP: 33/35 MP: 2/9
  2374 | D:4      | Reached XP level 5. HP: 14/41 MP: 4/10
  2884 | D:3      | Learned a level 3 spell: Swiftness
  3776 | D:4      | Reached skill level 1 in Shields
  3776 | D:4      | Reached XP level 6. HP: 36/48 MP: 7/11
  4581 | D:5      | Entered Level 5 of the Dungeon
  4585 | D:5      | Noticed a water moccasin
  5014 | D:5      | Found a runed translucent door.
  5015 | D:5      | Noticed Crazy Yiuf
  5220 | D:4      | Reached XP level 7. HP: 40/56 MP: 8/13
  5336 | D:5      | Reached skill level 5 in Air Magic
  6252 | D:5      | Killed Crazy Yiuf
  6598 | D:6      | Found Jicrotyh's Lightly-Used Armoury.
  6599 | D:6      | Noticed Grinder
  6747 | D:6      | Reached skill level 1 in Maces & Flails
  6776 | D:6      | Learned a level 4 spell: Airstrike
  6810 | D:6      | Killed Grinder
  6811 | D:6      | Reached skill level 5 in Conjurations
  6811 | D:6      | Reached XP level 8. HP: 62/63 MP: 3/14
  7010 | D:6      | Found a staircase to the Ecumenical Temple.
  7078 | D:6      | Reached skill level 2 in Maces & Flails
  7213 | D:6      | Bought a -2 eveningstar for 60 gold pieces
  7469 | D:6      | Reached skill level 3 in Maces & Flails
  8261 | D:7      | Reached skill level 5 in Shields
  8261 | D:7      | Reached XP level 9. HP: 39/71 MP: 8/15
  8764 | D:7      | Reached skill level 4 in Maces & Flails
  9385 | D:8      | Noticed Erica
  9669 | D:8      | Killed Erica
  9670 | D:8      | Reached skill level 5 in Maces & Flails
  9743 | D:8      | Found Niesa's Jewellery Shoppe.
 10358 | D:8      | Noticed a two-headed ogre
 10369 | D:8      | Killed a two-headed ogre
 10370 | D:8      | Reached skill level 5 in Fighting
 10370 | D:8      | Reached XP level 10. HP: 75/81 MP: 7/16
 10723 | D:9      | Reached skill level 6 in Maces & Flails
 11487 | D:9      | Found a staircase to the Lair.
 11943 | D:10     | Entered Level 10 of the Dungeon
 13042 | D:11     | Noticed Psyche
 13057 | D:11     | Killed Psyche
 13058 | D:11     | Reached skill level 7 in Maces & Flails
 13205 | D:11     | Noticed Nergalle
 13218 | D:11     | Killed Nergalle
 13406 | D:11     | Noticed a centaur warrior
 13415 | D:11     | Noticed a centaur warrior
 13675 | D:11     | Noticed a purple ugly thing
 13682 | D:11     | Killed a purple ugly thing
 13743 | D:11     | Killed a centaur warrior
 13744 | D:11     | Reached XP level 11. HP: 66/89 MP: 17/17
 14029 | D:11     | Killed a centaur warrior
 14466 | Lair:1   | Entered Level 1 of the Lair of Beasts
 14502 | D:8      | Bought an amulet of reflection for 420 gold pieces
 14566 | Lair:1   | Reached skill level 8 in Maces & Flails
 15165 | Lair:1   | Reached skill level 10 in Air Magic
 15975 | D:8      | Bought a ring of poison resistance for 280 gold pieces
 16172 | Lair:2   | Noticed Fannar
 16228 | Lair:2   | Reached skill level 9 in Maces & Flails
 16314 | Lair:2   | Found a staircase to the Snake Pit.
 16875 | Lair:2   | Found a runed translucent door.
 16878 | Lair:2   | Noticed MrShunz's ghost (journeyman VSBr)
 16878 | Lair:2   | Identified the +11 trident "Demonbane" {flame, rPois Int-3
                  | Dex+5 SInv}
 16878 | Lair:2   | Noticed a spriggan rider
 17321 | Lair:2   | Killed Fannar
 17322 | Lair:2   | Reached XP level 12. HP: 69/100 MP: 13/21
 17894 | Lair:2   | Killed MrShunz's ghost
 18125 | Lair:2   | Found a staircase to the Snake Pit.
 19367 | Lair:2   | Reached skill level 10 in Maces & Flails
 19442 | Lair:3   | Reached skill level 5 in Spellcasting
 20011 | Lair:3   | Found a staircase to the Swamp.
 20677 | Lair:4   | Noticed a boulder beetle
 20958 | Lair:3   | HP: 5/101 [cane toad (8)]
 21304 | Lair:3   | Killed a boulder beetle
 22218 | Lair:5   | Entered Level 5 of the Lair of Beasts
 22568 | Lair:5   | Reached XP level 13. HP: 73/107 MP: 19/28
 23027 | Lair:4   | Reached skill level 11 in Maces & Flails
 24500 | Lair:5   | Found a runed translucent door.
 24501 | Lair:5   | Found a staircase to the Slime Pits.
 24501 | Lair:5   | Noticed an azure jelly
 24502 | Lair:5   | Noticed an azure jelly
 24502 | Lair:5   | Noticed an azure jelly
 24824 | Lair:5   | Reached skill level 1 in Armour
 25772 | Lair:5   | Identified the +5 scale mail "Hejatume" {rN+ Dex+4}
 26784 | D:12     | Found Nomomiff's Armour Emporium.
 26785 | D:12     | Found a staircase to the Orcish Mines.
 26926 | D:12     | Found Eveigg's Weapon Emporium.
 28008 | D:13     | Reached XP level 14. HP: 70/118 MP: 10/32
 28268 | D:13     | Noticed a fire giant
 28366 | D:12     | Reached skill level 10 in Shields
 28366 | D:12     | Reached skill level 10 in Spellcasting
 28468 | D:12     | Killed a fire giant
 28471 | D:12     | Reached skill level 12 in Maces & Flails
 29243 | D:13     | Found a runed translucent door.
 29457 | D:13     | Paralysed by an ogre mage for 4 turns
 29539 | D:13     | a quicksilver ooze changed into a broodmother
 29539 | D:13     | Noticed a broodmother (glowing shapeshifter)
 29543 | D:13     | a broodmother changed into an anaconda
 29705 | D:13     | Identified the staff of cold "Ukyeheisch" {+Blink rC+ rCorr
                  | Str-5 SInv}
 29843 | D:13     | Noticed a fire giant
 29853 | D:13     | Killed a fire giant
 30192 | D:13     | Paralysed by an orc sorcerer for 3 turns
 30389 | D:14     | Found a transporter.
 30603 | D:14     | Found a gate to the Vaults.
 31005 | D:14     | Noticed a golden dragon
 31006 | D:14     | Found a transporter.
 31006 | D:14     | a golden dragon changed into an iron dragon
 31006 | D:14     | Noticed an iron dragon (glowing shapeshifter)
 31008 | D:14     | Identified the +2 longbow "Kenwi Wyut" {flame, rF- rN+
                  | Str+2 Dex+3}
 31032 | D:14     | Reached skill level 1 in Evocations
 31043 | D:14     | Noticed a shadow dragon
 31043 | D:14     | a shadow dragon changed into a sphinx
 31043 | D:14     | Noticed a sphinx (glowing shapeshifter)
 31044 | D:14     | Noticed Qetzeseq's ghost (journeyman MeCj)
 31044 | D:14     | a sphinx changed into a quicksilver dragon
 31044 | D:14     | Noticed a quicksilver dragon (glowing shapeshifter)
 31046 | D:14     | a quicksilver dragon changed into an azure jelly
 31046 | D:14     | Noticed an azure jelly (glowing shapeshifter)
 32441 | D:15     | Entered Level 15 of the Dungeon
 32658 | D:15     | Found a staircase to the Depths.
 33534 | Orc:1    | Entered Level 1 of the Orcish Mines
 33538 | Orc:1    | Noticed Sonja
 33542 | Orc:1    | Killed Sonja
 34281 | Orc:2    | Entered Level 2 of the Orcish Mines
 34281 | Orc:2    | Found a staircase to the Elven Halls.
 34685 | Orc:1    | Noticed an orc warlord
 35043 | Orc:2    | Noticed Erolcha
 35047 | Orc:2    | Killed Erolcha
 35155 | Orc:2    | Noticed an orc warlord
 35188 | Orc:2    | Paralysed by an orc sorcerer for 5 turns
 35685 | Orc:2    | Killed an orc warlord
 35686 | Orc:2    | Reached XP level 15. HP: 116/126 MP: 1/35
 36041 | Orc:2    | Found Quwiughu's Armour Emporium.
 36160 | Orc:2    | Noticed Donald
 36171 | Orc:2    | Killed Donald
 36557 | Orc:2    | Noticed Blork the orc
 36563 | Orc:2    | Killed Blork the orc
 36797 | Orc:2    | Reached skill level 13 in Maces & Flails
 37054 | Orc:2    | Found Ceumn's Jewellery Shoppe.
 37065 | Orc:2    | Found Leuqe's General Store.
 37073 | Orc:2    | Bought a scroll of summoning for 161 gold pieces
 37098 | Orc:2    | Found Taorch Pyegg's Antique Weapon Shoppe.
 37330 | Orc:2    | Found Aptom's Antique Armour Shoppe.
 37670 | Swamp:1  | Entered Level 1 of the Swamp
 38263 | Swamp:1  | Noticed Mlioglotl
 38281 | Swamp:1  | Noticed a tentacled starspawn
 38549 | Swamp:1  | Killed Mlioglotl
 38566 | Lair:3   | Reached skill level 10 in Fighting
 39601 | Swamp:2  | Noticed a fenstrider witch
 39617 | Swamp:2  | Paralysed by a fenstrider witch for 4 turns
 39627 | Swamp:2  | Paralysed by a fenstrider witch for 4 turns
 39628 | Swamp:2  | Killed a fenstrider witch
 41394 | Swamp:3  | Noticed a tentacled monstrosity
 41415 | Swamp:2  | Killed a tentacled monstrosity
 41628 | Swamp:3  | Noticed Louise
 42219 | Swamp:3  | Identified the +4 scale mail of Impermeability {rCorr}
 42225 | Abyss:2  | Cast into level 2 of the Abyss (Louise)
 42605 | Abyss:2  | Noticed a daeva
 42814 | Abyss:2  | Noticed a tentacled starspawn
 42840 | Abyss:2  | Killed a tentacled starspawn
 42841 | Abyss:2  | Reached skill level 14 in Maces & Flails
 43224 | Abyss:2  | Reached XP level 16. HP: 47/94 MP: 19/37
 43343 | Abyss:2  | Noticed a profane servitor
 43350 | Abyss:2  | Reached skill level 5 in Armour
 43351 | Abyss:2  | Gained mutation: [Your body often deteriorates upon taking
                  | damage.] [a neqoxec]
 43370 | Abyss:2  | Noticed a tentacled starspawn
 43373 | Abyss:2  | Noticed a tentacled starspawn
 43390 | Abyss:2  | HP: 4/95 [raiju/living lightning (20)]
 43483 | Abyss:2  | Noticed a bone dragon
 43487 | Abyss:2  | Noticed a tentacled starspawn
 43496 | Abyss:2  | Slain by a bone dragon

Illustrated notes

Levels and vault maps discovered:
D:1:      giann_wishing_wells, layout_basic,
          shapermc_ecumenical_altar_mp_highgroup
D:2:      layout_rooms
D:3:      layout_basic, minivault_11, nicolae_eternal_life,
          kennysheep_decorative_pillar
D:4:      layout_rooms
D:5:      layout_rooms, overflow_temple_1_default, serial_co_window_serial,
          co_window_corner_a, co_window_paths_b, co_window_paths_b,
          co_window_corner_a, co_window_paths_a, co_window_paths_b,
          co_window_paths_a, co_window_corner_b, co_window_corner_b,
          co_window_cross_3, co_window_corner_b, co_window_broadway_a,
          co_window_paths_e, co_window_4corner_b, glass_columns_b,
          kennysheep_windowed_goal, uniq_crazy_yiuf_cottage
D:6:      layout_rooms, minmay_temple_entry_nine_rooms, serial_undead,
          serial_undead_e, serial_undead_f, serial_undead_e, serial_undead_d,
          minmay_shop_damaged, hangedman_minor_gate_pass, uniq_grinder
D:7:      layout_gridville, lemuel_doored_altar
D:8:      layout_gridville, serial_shops, nicolae_shop_hallway_plus, uniq_erica
D:9:      layout_loops_ring, nicolae_ashenzari_skybound,
          nicolae_elyvilon_peaceful_grove, grunt_lair_entry_orc_guard_hut
D:10:     layout_cave_pools, trog_three_pillars_becter
D:11:     layout_loops_ring, serial_aquarium, aquarium_bridge_straight
          [aquarium_subvault_bridge, aquarium_subvault_wall,
          aquarium_subvault_bridge, aquarium_subvault_window],
          aquarium_bridge_long_joined [aquarium_subvault_bridge,
          aquarium_subvault_wall, aquarium_subvault_wall,
          aquarium_subvault_bridge, aquarium_subvault_window,
          aquarium_subvault_wall], aquarium_window_fake, aquarium_window_1,
          aquarium_window_corner, aquarium_view_2a, uniq_psyche, uniq_nergalle
D:12:     layout_loops_ring, orc_david_3
D:13:     minmay_chopped_fan, layout_cave_pools, special_room
          [special_room_orc], lightli_church_of_beogh
D:14:     layout_gridville, lightli_vaults_fourway_checkpoint,
          gammafunk_ghost_arena, grunt_dithmenos_smoke_and_mirrors
D:15:     hangedman_depths_entry_try_elsewhere_first, layout_stronghold
Lair:1:   layout_misc_corridors, grunt_forest_stairs_basic
Lair:2:   layout_long_grid, minmay_snake_entry_guardpost_medium,
          ebering_ghost_funeral_grove, uniq_fannar
Lair:3:   layout_gridlike, skrybe_swamp_entry_bodies
Lair:4:   layout_cave_shapes, basic_altar, nicolae_quartered_pool_little,
          serial_bayou_pond_d
Lair:5:   evilmike_catoblepas_cave, layout_concentric_octagons, slime_entry_2
Swamp:1:  layout_basic_swamp, evilmike_swamp_ruin_house_2, swamp_pool4,
          infiniplex_staircase_pool_2, uniq_mlioglotl
Swamp:2:  layout_basic_swamp, serial_swamp_ruin, evilmike_swamp_ruin_rubble_1,
          hangedman_swamp_ruin_wall
Swamp:3:  layout_basic_swamp, evilmike_swamp_ruin_wall, uniq_louise
Orc:1:    layout_caves, uniq_sonja
Orc:2:    grunt_orc_cross, layout_caves, serial_shops, shop,
          nicolae_orc_stony_grotto, uniq_donald, uniq_erolcha
Abyss:2:  base: D:10, evilmike_abyss_exit_10, hangedman_abyss_mock_shop,
          hangedman_decor_peaks_small, hangedman_abyss_or_decor_lesser_grid,
          bh_abyss_xom_lugonu_altar, hangedman_abyss_or_decor_stagger

Skill      XL: |  1  2  3  4  5  6  7  8  9 10 11 12 13 14 15 16 |
---------------+-------------------------------------------------+-----
Conjurations   | 1 2 3 4 5 6 |  6.3
Air Magic      | 3 4 5 6 8 9 10 11 12 | 12.6
Fighting       | 1 2 3 4 5 6 7 8 9 10 | 10.6
Stealth        | 2 3 4 |  4.6
Dodging        | 2 3 4 |  4.2
Spellcasting   | 2 3 7 9 11 12 | 12.7
Shields        | 1 2 3 5 6 7 8 9 10 11 | 11.3
Maces & Flails | 1 3 5 7 9 10 11 12 14 | 14.1
Armour         | 2 3 4 5 |  5.0
Evocations     | 1 |  1.7
Axes           | |  0.8

Action                     |  1- 3 |  4- 6 |  7- 9 | 10-12 | 13-15 | 16-18 || total
---------------------------+-------+-------+-------+-------+-------+-------++-------
  Melee: Club              |    21 |    10 |       |       |       |       ||    31
         Punch             |     1 |     1 |       |       |       |       ||     2
         Dagger            |       |    67 |     3 |       |       |       ||    70
         Mace              |       |       |    97 |    25 |       |       ||   122
         Eveningstar       |       |       |       |   226 |   763 |    23 ||  1012
  Throw: Dart              |       |       |     2 |     6 |     2 |       ||    10
   Cast: Shock             |    58 |    86 |    98 |   116 |     3 |       ||   361
         Static Discharge  |     5 |    28 |   105 |   108 |    74 |       ||   320
         Swiftness         |       |       |       |     7 |     8 |       ||    15
         Airstrike         |       |       |       |   143 |   592 |       ||   735
  Evoke: Wand              |       |       |     3 |     7 |     1 |       ||    11
         Phantom mirror    |       |       |       |     1 |     2 |       ||     3
         Condenser vane    |       |       |       |       |     2 |       ||     2
         Tin of tremorston |       |       |       |       |     1 |       ||     1
    Use: Scroll            |     4 |     1 |     4 |    14 |    13 |     2 ||    38
         Potion            |       |     1 |       |     4 |    12 |     2 ||    19
   Stab: Sleeping          |       |       |     1 |       |       |       ||     1
 Armour: Robe              |     5 |    14 |    33 |       |       |       ||    52
         Steam dragon scal |       |       |    30 |   110 |    30 |       ||   170
         Scale mail        |       |       |       |       |   160 |    11 ||   171
  Dodge: Dodged            |    53 |    66 |   102 |   184 |   392 |     7 ||   804
  Block: Kite shield       |       |    25 |   131 |   370 |   961 |    22 ||  1509
         Reflection        |       |       |       |     1 |    75 |       ||    76

Table legend: (Time is in decaauts)
 A = Elapsed time spent in this place.
 B = Non-inter-level travel time spent in this place.
 C = Inter-level travel time spent in this place.
 D = Time resting spent in this place.
 E = Time spent auto-exploring this place.
 F = Levels seen in this place.
 G = Mean time per level.
                   A        B        C        D        E       F      G
               +--------+--------+--------+--------+--------+-----+--------+
         Total |  43769 |  41275 |   2494 |   4893 |  30100 |  26 | 1683.4 |
       Dungeon |  22443 |  21062 |   1381 |   1348 |  16439 |  15 | 1496.2 |
          Lair |  12268 |  11468 |    800 |   1431 |   8434 |   5 | 2453.6 |
         Swamp |   4189 |   3955 |    234 |    448 |   2972 |   3 | 1396.3 |
  Orcish Mines |   3608 |   3529 |     79 |    900 |   2224 |   2 | 1804.0 |
         Abyss |   1259 |   1259 |      0 |    766 |     30 |   1 | 1259.0 |
               +--------+--------+--------+--------+--------+-----+--------+

Top non-repeatable levels by time:
  Lair:2: 3065 daAuts
    D:13: 2600 daAuts
  Lair:3: 2528 daAuts
  Lair:5: 2401 daAuts
  Lair:4: 2383 daAuts
   Orc:2: 2378 daAuts
 Swamp:2: 2348 daAuts
    D:12: 1915 daAuts
     D:5: 1903 daAuts
  Lair:1: 1889 daAuts
    D:14: 1882 daAuts
     D:9: 1803 daAuts
     D:4: 1511 daAuts
     D:8: 1504 daAuts
    D:11: 1459 daAuts
